Match 46483433
Unlisted
Match 46483433
End
Kettenkrad Recon Vehicle
Construct Infanterie Kompanie
MG 42 Machine Gun Team
Grenadier Squad
Selects Terror Battlegroup
Selects Machine Gun Camouflage
Grenadier Squad
Grenadier Squad
Medical Bunker
Construct Luftwaffe Kompanie
Support Elements
Selects Defend the Fatherland
Wirbelwind Flakpanzer
MG 42 Machine Gun Team
Marder III M Tank Destroyer
Jäger Squad
Construct Panzer Kompanie
Repair Bunker
Marder III M Tank Destroyer
Stormless
Grunka Lunka
Darkness
Redwarx
0
0
Comments sign in to comment!
No comments posted yet!